Map: King's Cove LE

Players

HeroMarine - Winner!

  • Race: Terran Terran
  • League: Master
  • Spawn Location: 5:00

PtitDrogo

  • Race: Protoss Protoss
  • League: Master
  • Spawn Location: 11:00

Event: HomeStory Cup XIX

VOD

Have the link to the VOD?

Description

Time

  • Played on: June 28, 2019, 5:31 p.m.
  • Length: 21:17

All games in this series

Show
View Real Time Build Order
Export as new Build Order

HeroMarine Terran - Winner!

Build Orders: Gas First Reaper Expand 

Get SALT Encoding   

  12  0:00  SCV  
  13  0:12  SCV  
  14  0:17  Supply Depot  
  14  0:24  SCV  
  15  0:30  Refinery  
  15  0:39  SCV  
  16  0:45  Barracks  
  16  0:51  SCV  
  17  1:03  SCV  
  18  1:15  SCV  
  19  1:32  Orbital Command, Reaper  
  20  1:49  Command Center  
  20  1:57  Factory  
  20  1:59  SCV  
  21  2:08  Barracks Reactor  
  21  2:11  SCV  
  21  2:15  Supply Depot  
  22  2:19  Refinery  
  22  2:23  SCV  
  23  2:36  SCV  
  24  2:43  Starport  
  24  2:47  Hellion x2  
  24  2:48  SCV  
  29  3:00  SCV  
  29  3:01  Orbital Command  
  30  3:08  Widow Mine  
  30  3:09  Widow Mine  
  34  3:13  SCV  
  35  3:21  Supply Depot  
  35  3:24  Medivac  
  35  3:25  SCV  
  38  3:30  Widow Mine  
  38  3:31  Widow Mine  
  42  3:37  SCV x2  
  42  3:38  Barracks Tech Lab  
  44  3:44  Supply Depot  
  44  3:49  SCV x2  
  46  3:59  Starport Tech Lab  
  46  4:01  SCV x2  
  48  4:03  Marine  
  48  4:04  Siege Tank, Marine  
  53  4:13  SCV x2  
  55  4:19  Banshee  
  55  4:21  Marine x2  
  55  4:23  Supply Depot  
  60  4:25  SCV x2  
  62  4:32  Command Center  
  62  4:42  SCV x2  
  62  4:50  Marine x2  
  62  4:53  Siege Tank  
  62  4:54  SCV x2  
  62  4:55  Refinery  
  62  4:56  Refinery  
  62  5:01  Supply Depot  
  62  5:07  SCV x2  
  60  5:08  Marine x2  
  60  5:11  Raven  
  64  5:17  Barracks  
  64  5:18  Barracks  
  64  5:19  SCV x2  
  66  5:23  Supply Depot  
  66  5:25  Marine x2  
  68  5:31  SCV x2  
  70  5:35  Engineering Bay  
  70  5:36  Siege Tank, Engineering Bay  
  73  5:43  Marine, SCV x2  
  73  5:44  Marine  
  73  5:47  Orbital Command  
  77  5:55  SCV x2  
  79  6:05  Terran Infantry Weapons Level 1, Terran Infantry Armor Level 1  
  79  6:06  Barracks  
  79  6:07  Barracks Tech Lab  
  79  6:10  Barracks  
  79  6:11  Siege Tank  
  82  6:12  SCV  
  82  6:15  SCV  
  82  6:16  Orbital Command  
  84  6:20  Stimpack  
  84  6:21  Marauder  
  84  6:24  SCV  
  87  6:26  Marine x2, Marauder  
  87  6:27  SCV  
  92  6:37  SCV  
  92  6:39  SCV  
  94  6:40  Refinery  
  94  6:42  Refinery  
  94  6:44  Supply Depot  
  94  6:45  SCV  
  95  6:48  Concussive Shells  
  95  6:49  Starport Reactor, SCV  
  95  6:50  Siege Tank  
  95  6:51  SCV  
  100  6:57  SCV  
  100  7:01  Barracks Tech Lab, Barracks Reactor, Supply Depot x2  
  101  7:06  SCV x2  
  103  7:09  Marine, Marauder x2, SCV  
  109  7:20  Supply Depot x2  
  109  7:23  SCV x3  
  109  7:25  Marauder  
  109  7:27  Medivac  
  109  7:28  Armory, Medivac  
  118  7:30  Combat Shield, Marauder  
  118  7:31  Marine  
  118  7:33  Marine x2  
  118  7:35  SCV x2  
  125  7:41  SCV  
  126  7:46  Marauder, Marine x2  
  126  7:48  Supply Depot  
  126  7:49  Marine, Supply Depot  
  126  7:51  Marine  
  131  7:52  Marauder  
  134  7:59  Command Center  
  134  8:01  Factory Reactor  
  134  8:03  Starport  
  134  8:09  Viking x2  
  138  8:13  Supply Depot  
  138  8:15  Terran Infantry Weapons Level 2, Terran Infantry Armor Level 2, Supply Depot  
  138  8:17  Terran Ship Weapons Level 1  
  138  8:22  Marine x3  
  138  8:23  Ghost Academy, Marine  
  138  8:24  Marine  
  143  8:39  Viking x2  
  147  8:44  Barracks  
  147  8:45  SCV x3  
  147  8:46  Barracks x2  
  150  8:49  Missile Turret  
  150  8:51  Missile Turret  
  150  8:54  Ghost x2  
  150  8:55  Missile Turret  
  153  8:56  Ghost  
  154  9:03  Viking x2  
  154  9:06  Marine x4  
  161  9:11  Viking  
  161  9:12  Viking  
  165  9:32  Viking, Refinery  
  165  9:33  Viking  
  165  9:35  Barracks Tech Lab, Barracks Reactor  
  165  9:36  Marine x3  
  165  9:37  Refinery, Ghost  
  174  9:49  Planetary Fortress  
  174  9:50  Viking x2  
  174  9:52  Supply Depot  
  178  9:53  Supply Depot  
  178  9:54  Missile Turret  
  178  9:57  Marine x2  
  178  9:58  Ghost  
  181  10:00  Bunker, Marauder  
  181  10:01  Marauder  
  180  10:18  Sensor Tower  
  179  10:22  Missile Turret x2  
  179  10:24  Missile Turret  
  179  10:26  Terran Ship Weapons Level 2  
  179  10:27  Ghost x2  
  182  10:28  Marauder  
  182  10:29  Marauder  
  182  10:31  Marauder  
  182  10:32  Marine x2  
  188  10:36  Marine x2  
  188  10:37  Marine x2  
  188  10:39  Medivac  
  188  10:42  Medivac  
  196  10:48  Terran Infantry Weapons Level 3  
  196  10:49  Marine x2  
  196  10:53  Marauder  
  199  10:59  Sensor Tower  
  199  11:10  Starport  
  199  11:12  Command Center  
  199  11:13  Marine  
  199  11:16  Fusion Core  
  200  11:20  Terran Infantry Armor Level 3  
  200  11:26  Personal Cloaking  
  174  11:48  Liberator x2  
  174  11:50  Ghost  
  174  11:52  Starport Tech Lab, Marauder  
  174  11:53  Marine x3  
  185  11:55  Liberator  
  185  11:56  Liberator  
  185  11:57  Marine  
  185  11:58  Marine  
  185  11:59  Liberator, Command Center  
  193  12:12  Advanced Ballistics  
  195  12:17  Marauder x2  
  200  12:28  Command Center  
  200  12:31  Liberator x2  
  200  12:32  Missile Turret x2  
  197  12:48  Liberator x2  
  181  13:06  Ghost  
  181  13:07  Ghost  
  181  13:09  Marine, Terran Vehicle And Ship Armor Level 1  
  181  13:10  Marine  
  181  13:11  Marine x2  
  195  13:14  Orbital Command  
  195  13:15  Liberator, Planetary Fortress  
  195  13:25  Missile Turret  
  195  13:26  Refinery  
  195  13:29  Refinery, Missile Turret  
  198  13:37  Marine x2  
  200  13:42  Orbital Command, Command Center  
  200  13:45  Command Center  
  200  13:58  Liberator x3  
  200  13:59  Liberator x2  
  154  14:18  Marine x3, Marauder x5  
  154  14:19  Marine x2  
  154  14:23  Marine  
  162  14:39  Marauder  
  162  14:40  Marauder  
  162  14:41  Liberator x2  
  157  14:55  Marauder, Marine x2  
  157  14:56  Marauder, Marine  
  157  14:57  Orbital Command  
  157  14:59  Marine x2  
  175  15:01  Marauder  
  169  15:07  SCV  
  169  15:08  SCV  
  169  15:09  SCV x2  
  169  15:11  Medivac  
  169  15:13  Terran Vehicle And Ship Armor Level 2  
  175  15:19  SCV  
  176  15:23  Planetary Fortress  
  176  15:27  Sensor Tower  
  176  15:30  Medivac  
  176  15:31  Viking  
  176  15:32  Ghost  
  176  15:36  Ghost  
  176  15:39  SCV  
  176  15:40  SCV x2  
  176  15:41  Viking, SCV x2  
  176  15:42  SCV  
  185  15:51  Ghost x2  
  189  15:57  Viking  
  189  15:58  Viking  
  189  16:02  Viking  
  192  16:05  Viking  
  194  16:11  Viking  
  190  16:27  Viking x2  
  190  16:32  Viking  
  190  16:35  Viking  
  192  16:41  Viking  
  194  16:52  Ghost x2, Command Center  
  198  16:55  Command Center  
  198  16:57  Viking  
  198  16:59  Sensor Tower  
  192  17:27  Marauder  
  167  17:30  Marine x3, Marauder  
  167  17:33  Viking x2  
  178  17:39  Liberator x2  
  178  17:41  Marauder  
  178  17:42  Marauder  
  178  17:43  Marine x2  
  183  17:46  Marine, Marauder  
  183  17:48  Marine  
  183  17:49  Marine, Marauder  
  188  17:52  Marine, Marauder  
  191  18:01  Marine  
  191  18:02  Ghost x2  
  189  18:06  Ghost  
  189  18:09  Ghost  
  189  18:10  Liberator x2  
  189  18:11  Liberator  
  191  18:13  Ghost  
  172  18:24  Marine x3  
  172  18:26  Liberator  
  153  18:30  Marine x3  
  153  18:31  Marauder  
  153  18:32  Marauder  
  167  18:36  Marauder  
  167  18:38  Marine  
  166  18:42  Marine x2  
  166  18:45  Orbital Command  
  166  18:53  Marauder x2  
  170  18:56  Ghost, Medivac  
  174  19:02  Ghost  
  176  19:10  Ghost, Medivac  
  176  19:12  Nuke  
  180  19:17  Ghost  
  182  19:24  Planetary Fortress  
  182  19:25  Missile Turret  
  181  19:33  SCV  
  181  19:34  SCV x3  
  184  19:39  Ghost x2  
  184  19:43  Viking  
  189  19:46  Marauder x2  
  189  19:51  Viking  
  193  19:55  Marauder  
  195  20:07  Viking, Marauder  
  195  20:08  Viking  
  186  20:36  Marauder  
  186  20:37  Marauder, Marine  
  186  20:38  Marine  
  186  20:39  Marine  
  186  20:40  Marauder, Marine x3  
  186  20:42  Marauder x2  
  179  20:55  Marine  
  179  20:56  Marine x2  
  178  20:57  Marine x2  
  178  20:58  Marine x2  
Show
View Real Time Build Order
Export as new Build Order

PtitDrogo Protoss 

Build Orders: 1 Gate Expand, Colossus Rush 

Get SALT Encoding   

  12  0:00  Probe  
  13  0:13  Probe  
  14  0:19  Pylon  
  14  0:25  Probe  
  15  0:33  Probe  
  15  0:37  Gateway  
  15  0:41  Probe  
  16  0:46  Assimilator  
  17  0:52  Probe  
  18  1:04  Probe  
  19  1:16  Probe  
  20  1:24  Nexus  
  20  1:33  Cybernetics Core  
  20  1:37  Probe  
  21  1:41  Assimilator  
  21  1:50  Probe  
  21  1:52  Pylon  
  22  2:00  Stalker  
  22  2:02  Probe  
  23  2:09  Warp Gate  
  23  2:14  Probe  
  26  2:25  Probe  
  26  2:28  Robotics Facility  
  27  2:32  Probe  
  27  2:34  Stalker, Probe  
  30  2:40  Probe  
  30  2:42  Probe  
  32  2:50  Probe  
  33  2:53  Probe  
  35  3:02  Probe  
  35  3:04  Sentry  
  35  3:05  Probe  
  39  3:10  Observer  
  39  3:13  Gateway  
  39  3:14  Probe  
  39  3:15  Gateway  
  39  3:17  Probe  
  42  3:23  Pylon  
  42  3:26  Probe  
  43  3:29  Probe  
  43  3:30  Observer  
  45  3:35  Assimilator  
  45  3:38  Probe  
  46  3:41  Probe  
  46  3:42  Assimilator  
  47  3:50  Probe x2  
  49  3:58  Observer, Probe  
  49  4:01  Stalker  
  49  4:02  Probe  
  54  4:10  Robotics Bay  
  54  4:12  Pylon  
  54  4:19  Pylon  
  54  4:27  Nexus  
  54  4:30  Probe x2  
  56  4:42  Probe  
  56  4:45  Stalker x3, Probe  
  59  4:56  Probe  
  57  5:04  Probe  
  57  5:05  Probe  
  57  5:09  Twilight Council  
  57  5:11  Forge  
  57  5:12  Probe  
  57  5:13  Probe  
  59  5:18  Colossus  
  61  5:22  Probe  
  61  5:24  Probe  
  69  5:34  Probe  
  69  5:35  Probe  
  70  5:38  Probe, Protoss Ground Weapons Level 1  
  70  5:42  Sentry x2  
  76  5:43  Probe  
  76  5:46  Probe  
  77  5:51  Probe  
  77  5:53  Probe  
  77  5:56  Stalker  
  81  5:58  Probe  
  81  5:59  Pylon  
  81  6:03  Probe  
  83  6:06  Blink  
  83  6:11  Probe  
  85  6:15  Probe  
  85  6:17  Probe, Pylon  
  86  6:19  Assimilator  
  86  6:21  Assimilator  
  86  6:23  Probe  
  87  6:27  Probe  
  87  6:28  Extended Thermal Lance  
  87  6:29  Stalker x2, Probe  
  87  6:32  Colossus  
  91  6:35  Probe  
  91  6:39  Probe  
  91  6:41  Probe  
  91  6:42  Photon Cannon  
  98  6:47  Probe  
  98  6:49  Forge  
  98  6:51  Probe  
  98  6:54  Probe  
  101  6:56  Photon Cannon  
  101  7:04  Pylon  
  101  7:05  Pylon  
  101  7:07  Gateway  
  101  7:08  Gateway  
  101  7:09  Gateway x2  
  101  7:11  Templar Archives  
  101  7:16  Gateway  
  101  7:17  Observer  
  101  7:21  Protoss Ground Armor Level 1  
  101  7:25  Pylon  
  101  7:34  Colossus  
  107  7:37  Nexus  
  107  7:40  Pylon  
  107  7:45  Stalker x2  
  107  7:49  High Templar  
  107  7:50  Protoss Ground Weapons Level 2  
  111  8:09  Probe x2  
  111  8:12  High Templar x2  
  117  8:16  Archon  
  117  8:17  High Templar  
  117  8:18  Zealot x4  
  127  8:21  Probe  
  127  8:22  Probe x2  
  127  8:23  Gateway  
  127  8:25  Gateway  
  130  8:28  High Templar, Archon  
  130  8:33  Pylon  
  132  8:35  Pylon  
  132  8:38  Probe, Colossus  
  133  8:45  Photon Cannon, Charge  
  133  8:49  Probe x2  
  133  8:50  Pylon  
  133  8:52  Zealot x4  
  149  8:59  Probe x2  
  149  9:01  Assimilator  
  151  9:04  Assimilator  
  151  9:13  Robotics Facility  
  151  9:15  High Templar x2  
  151  9:16  High Templar x2  
  159  9:17  Zealot x4  
  159  9:18  Protoss Ground Armor Level 2  
  159  9:23  Archon  
  167  9:24  Archon  
  167  9:26  Pylon  
  167  9:32  Immortal  
  167  9:33  Pylon  
  169  9:39  Pylon x2  
  169  9:45  Probe  
  164  9:53  High Templar, Nexus  
  164  9:57  High Templar  
  168  10:05  Immortal  
  170  10:11  Archon  
  170  10:12  High Templar x2, Immortal, Zealot x3  
  170  10:13  Zealot  
  186  10:14  Protoss Ground Weapons Level 3  
  182  10:30  Pylon  
  182  10:34  Assimilator  
  178  10:37  Assimilator  
  178  10:38  High Templar x2  
  178  10:39  Zealot x6  
  194  10:43  Archon x2  
  194  10:48  Pylon  
  194  10:52  Probe  
  194  10:54  Probe  
  194  10:56  Immortal  
  200  11:10  Photon Cannon  
  200  11:11  Photon Cannon  
  200  11:13  Photon Cannon  
  200  11:15  Shield Battery  
  200  11:16  Shield Battery  
  200  11:18  Shield Battery  
  200  11:20  Dark Shrine  
  200  11:21  Pylon  
  200  11:31  High Templar  
  200  11:35  Colossus  
  199  11:45  Observer  
  199  11:52  Immortal  
  199  11:53  Psionic Storm  
  187  11:54  Protoss Ground Armor Level 3  
  187  11:56  Stargate  
  191  12:09  Probe  
  191  12:14  Observer  
  192  12:15  High Templar x4  
  200  12:26  Photon Cannon  
  200  12:28  Photon Cannon  
  200  12:29  Photon Cannon  
  200  12:32  Shield Battery  
  200  12:33  Protoss Air Weapons Level 1  
  200  12:48  Observer  
  192  13:14  High Templar x4  
  200  13:25  Fleet Beacon  
  200  13:26  Stargate  
  198  13:27  Protoss Shields Level 1, Stargate  
  198  13:28  Dark Templar  
  198  13:30  Dark Templar  
  200  13:34  Stargate  
  198  13:48  Nexus  
  198  13:50  Pylon  
  197  14:07  Stalker  
  197  14:13  Tempest  
  172  14:17  Probe  
  172  14:18  Tempest  
  172  14:19  Stalker  
  172  14:20  Stalker x8  
  196  14:28  Protoss Air Weapons Level 2  
  197  14:43  Carrier  
  197  14:50  Tempest x2, Nexus  
  162  15:05  High Templar x4  
  162  15:06  Zealot x6  
  196  15:16  Pylon  
  196  15:18  Assimilator  
  196  15:23  Assimilator  
  196  15:26  Oracle  
  199  15:47  Observer  
  196  15:53  Oracle  
  197  15:59  Photon Cannon  
  197  16:01  Photon Cannon  
  197  16:02  Gravitic Drive  
  197  16:03  Photon Cannon  
  197  16:05  Shield Battery  
  187  16:21  Protoss Shields Level 2, Stalker x3  
  187  16:22  Stalker x5  
  179  16:41  Dark Templar x2  
  183  16:48  High Templar x5  
  183  16:51  Observer  
  183  16:52  Observer  
  195  16:55  Archon x2  
  195  16:59  Gravitic Boosters  
  195  17:15  Zealot x2  
  197  17:22  Tempest  
  188  17:23  Archon  
  188  17:27  Zealot x8, Tempest  
  188  17:28  Probe  
  159  17:30  Tempest  
  159  17:36  Colossus, Dark Templar x2  
  150  17:46  Colossus  
  150  17:48  Stalker x8  
  155  18:09  Zealot x2  
  155  18:10  Tempest  
  155  18:12  Zealot x8  
  149  18:22  Probe  
  111  18:30  Stalker x2  
  111  18:32  Probe  
  111  18:34  Stalker x8  
  117  18:43  Tempest x2  
  117  18:47  Tempest  
  127  18:54  High Templar x2  
  127  18:55  Probe  
  136  19:00  High Templar x4  
  136  19:01  High Templar x3  
  151  19:03  Probe  
  151  19:04  Dark Templar  
  151  19:08  Archon  
  154  19:13  Probe  
  155  19:25  Probe  
  155  19:26  Observer  
  155  19:29  Disruptor x2  
  156  19:35  Nexus  
  156  19:37  Probe  
  155  19:38  Pylon  
  155  19:44  Observer  
  161  19:56  Stalker x4  
  161  19:57  Zealot x6  
  161  19:58  Probe  
  181  20:00  Pylon  
  181  20:06  Probe  
  183  20:25  Stalker x2  
  183  20:27  Archon  
  187  20:30  Zealot x7  
  187  20:32  Archon  
  114  20:50  Stalker  
  114  20:51  Stalker x6, Zealot  
  116  20:59  Archon  
  116  21:01  Stalker x2  
  95  21:12  Dark Templar  
  95  21:14  Zealot  
  95  21:15  Zealot x3  
Tags
 
Add a new tag
Caveats
  • Supply blocks, unpowered buildings, or Contaminate may cause inaccurate times.
  • Supply counts are checked every 10 seconds.